 Dungeon Crawl Stone Soup version 0.20.0-15-g7f486f2 (webtiles) character file.

258 anfisbena the Distorting Demonspawn (level 5, 0/44 HPs)
             Began as a Demonspawn Abyssal Knight on June 15, 2017.
             Was a Believer of Lugonu.
             Slain by Crazy Yiuf
             ... wielding a +3 quarterstaff of chaos
              (4 damage)
             ... on level 2 of the Dungeon.
             The game lasted 00:02:54 (2919 turns).

anfisbena the Distorting Demonspawn (DsAK)          Turns: 2919, Time: 00:02:55

Health: 0/44       AC:  9    Str: 10 (12) XL:     5   Next: 94%
Magic:  9/9        EV:  8    Int: 10 (13) God:    Lugonu [**....]
Gold:   173        SH:  0    Dex: 12 (14) Spells: 4/4 levels left

rFire    . . .     SeeInvis .   a - +1 falchion
rCold    . . .     Gourm    .   (no shield)
rNeg     . . .     Faith    .   d - +0 scale mail (curse)
rPois    .         Spirit   .   (no helmet)
rElec    .         Reflect  .   (no cloak)
rCorr    .         Harm     .   (no gloves)
MR       .....                  (no boots)
Stlth    ..........             (no amulet)
Regen    0.2/turn               (no ring)
MPRegen  0.2/turn               (no ring)

@: no status effects
A: icy blue scales 2, powered by pain 1
a: Depart the Abyss, Bend Space, Renounce Religion


You were on level 2 of the Dungeon.
You worshipped Lugonu.
Lugonu was pleased with you.
You were not hungry.

You visited 1 branch of the dungeon, and saw 2 of its levels.
You visited the Abyss 1 time.

You collected 173 gold pieces.

Inventory:

Hand Weapons
 a - a +1 falchion (weapon)
Armour
 d - a cursed +0 scale mail (worn)
 g - a +1 leather armour of poison resistance
Jewellery
 i - an uncursed ring of protection from magic {unknown}
 k - an uncursed ring of flight {unknown}
Wands
 f - a wand of confusion (26/48)
Scrolls
 e - a scroll of remove curse {unknown}
 h - 2 scrolls of identify {unknown}
 j - a scroll of blinking {unknown}
 n - a scroll of magic mapping {unknown}
 o - a scroll of amnesia {unknown}
Comestibles
 c - 2 bread rations
 l - 2 meat rations
 m - 8 fruits
 p - 5 chunks of flesh
 q - a royal jelly


   Skills:
 + Level 5.1 Fighting
 - Level 1.7 Long Blades
 - Level 1.7 Armour
 - Level 0.8 Dodging
 + Level 6.1 Invocations


You had 4 spell levels left.
You didn't know any spells.

Dungeon Overview and Level Annotations

Branches:
Dungeon (2/15)

Altars:

Annotations:
D:2 Crazy Yiuf


Innate Abilities, Weirdness & Mutations

You are mostly covered in icy blue scales. (AC +3)
You sometimes gain a little power by taking damage.


Message History

Crazy Yiuf grits, "Spliff!
Pitchfork rumpyflump rumpyflump."
Crazy Yiuf hits you with a quarterstaff of chaos.
You hit Crazy Yiuf.
Crazy Yiuf is moderately wounded.
Crazy Yiuf hits you with a quarterstaff of chaos!
* * * LOW HITPOINT WARNING * * *
Crazy Yiuf freezes you.
* * * LOW HITPOINT WARNING * * *
You hit Crazy Yiuf.
Crazy Yiuf is heavily wounded.
Crazy Yiuf hits you with a quarterstaff of chaos!
* * * LOW HITPOINT WARNING * * *
Crazy Yiuf draws strength from your wounds!
You closely miss Crazy Yiuf.
Crazy Yiuf is moderately wounded.
Crazy Yiuf hits you but does no damage.
You hit Crazy Yiuf.
Crazy Yiuf is heavily wounded.
Crazy Yiuf hits you with a quarterstaff of chaos.
You die...

...........#
#....#
#...........
..######.###
♣PP..♣
########.###
...# #...#
♣♣.P.♣
#...........
).## #####
♣♣.♣♣
##..........
.## ♣♣.♣
#...#..####
.# ♣.♣♣
##.##.## .#
♣♣.♣ #.##.#
'## ♣.♣♣
#.##.# #
..## #@#
#.#..# ##
...## ###
#.g.#
###.#..# ##.
....## ##.#
#...#
#......###..
.....####..#
#)..#
##....###...
.....+....<#
#####
#.......+...
.....###...#
#.....###...
....##
#.#.## ###
#.....# ##..
...## #.#..#
#.# ##...##
##. ..##
#.#.## #.#
#.### ##


You could see Crazy Yiuf.

Vanquished Creatures
  Sigmund (D:2)
  An adder (D:2)
  2 worms (D:2)
  A dart slug (D:1)
  3 leopard geckos
  6 bats
  10 giant cockroaches
  10 goblins
  8 hobgoblins
  10 jackals (D:2)
  3 kobolds (D:1)
  2 frilled lizards (D:2)
  7 rats
64 creatures vanquished.

Notes
Turn   | Place    | Note
-------+----------+-------------------------------------------
     0 | Abyss:1  | anfisbena the Demonspawn Abyssal Knight began the quest for the Orb.
     0 | Abyss:1  | Reached XP level 1. HP: 18/18 MP: 2/2
     2 | Abyss:1  | Found a corrupted altar of Lugonu.
    89 | Abyss:1  | Found a corrupted altar of Lugonu.
   101 | Abyss:1  | Noticed a small abomination
   119 | Abyss:2  | Noticed an ancient zyme
   174 | Abyss:2  | Noticed a quasit
   200 | Abyss:2  | Noticed a chaos spawn
   212 | Abyss:2  | Noticed a spatial vortex
   215 | Abyss:2  | Noticed a spatial vortex
   220 | D:1      | Escaped the Abyss
   364 | D:1      | Gained mutation: You are partially covered in icy blue scales. (AC +2) [demonic ancestry]
   364 | D:1      | Reached XP level 2. HP: 24/24 MP: 4/4
   384 | D:1      | Reached skill level 3 in Invocations
   506 | D:1      | Reached * piety under Lugonu
  1069 | D:1      | Gained mutation: You sometimes gain a little power by taking damage. [demonic ancestry]
  1069 | D:1      | Reached XP level 3. HP: 29/29 MP: 5/5
  1379 | D:2      | Noticed Sigmund
  1413 | D:2      | Killed Sigmund
  1413 | D:2      | Reached skill level 5 in Invocations
  1413 | D:2      | Reached XP level 4. HP: 19/38 MP: 5/8
  1413 | D:2      | Gained mutation: You are mostly covered in icy blue scales. (AC +3) [demonic ancestry]
  1413 | D:2      | Reached XP level 5. HP: 22/43 MP: 5/9
  1903 | D:2      | Found a runed door.
  1995 | D:2      | Reached skill level 5 in Fighting
  2140 | D:2      | Reached ** piety under Lugonu
  2163 | D:2      | Reached skill level 6 in Invocations
  2912 | D:2      | Noticed Crazy Yiuf
  2919 | D:2      | Slain by Crazy Yiuf

Skill      XL: |  1  2  3  4  5 |
---------------+----------------+-----
Invocations    | 3 5 6 |  6.1
Fighting       | 4 5 |  5.1
Long Blades    | |  1.7
Armour         | |  1.7
Dodging        | |  0.8

Action                   |  1- 3 |  4- 6 || total
-------------------------+-------+-------++-------
Melee: Falchion          |    98 |   135 ||   233
Invok: Depart the Abyss  |     1 |       ||     1
  Use: Potion            |     1 |     1 ||     2
  Eat: Chunk             |     1 |     6 ||     7
Armor: Scale mail        |    51 |    88 ||   139
Dodge: Dodged            |    46 |    79 ||   125
       Rpst.: Falchion   |    14 |    27 ||    41
